 Dungeon Crawl Stone Soup version 0.29-a0-422-gafbd6decc1 (webtiles) character file.

Game seed: 7393542562279358061

433571 quinnr the Cloud Mage (level 23, -1/153 HPs)
             Began as a Tengu Air Elementalist on May 17, 2022.
             Was the Champion of Ashenzari.
             Slain by a caustic shrike (19 damage)
             ... on level 4 of the Depths on May 18, 2022.
             The game lasted 04:02:04 (98849 turns).

quinnr the Cloud Mage (Tengu Air Elementalist)     Turns: 98849, Time: 04:02:05

Health: -1/153     AC: 19    Str:  9    XL:     23   Next: 96%
Magic:  29/41      EV: 40    Int: 33    God:    Ashenzari [******]
Gold:   1263       SH:  0    Dex: 15    Spells: 0/48 levels left

rFire   . . .      SeeInvis +   (weapon currently unavailable)
rCold   . . .      Faith    .   (shield currently unavailable)
rNeg    + . .      Spirit   .   (body armour currently unavailable)
rPois   ∞          Reflect  .   (helmet currently unavailable)
rElec   +          Harm     .   (cloak currently unavailable)
rCorr   .          Rampage  .   (gloves currently unavailable)
Will    +....      Clarity  +   (boots unavailable)
Stlth   ++++++....              t - amulet "Circumscribed With Me" {RegenMP Int+7 Stlth+, Elem, Bglg} (curse)
HPRegen 0.35/turn               l - ring of the Unveiling Boredom {AC+4, Comp, Cun} (curse)
MPRegen 0.67/turn               y - ring of the Pangnostic Anarchy {rN+, Evo, Fort} (curse)

@: storm-form (expiring), corroded, flying quickly and evasively, studying
Staves, quick
A: cleaving, flying, (beak), (talons 3), nimble flight, (horns 1)
}: 2/15 runes: barnacled, gossamer
a: Blinkbolt, End Transformation, Renounce Religion, Shatter the Chains


You were on level 4 of the Depths.
You worshipped Ashenzari.
Ashenzari was exalted by your worship.
You were a lightning-filled tempest!
You visited 7 branches of the dungeon, and saw 39 of its levels.
You visited the Abyss 1 time.
You visited 1 bazaar.
You also visited: Bailey and Volcano.

You collected 5066 gold pieces.
You spent 3803 gold pieces at shops.

Inventory:

Armour
 c - the cursed +2 hat of Ashenzari's Comet (melded) {rElec Dex+2, Fort, Cun}
   (You acquired it on level 4 of the Dungeon)

   Dex:       It affects your dexterity (+2).
   rElec:     It insulates you from electricity.
   It has a curse which improves the following skills: Fortitude: Armour and
   Shields.
   Cunning:   Dodging and Stealth.
 e - the cursed +0 buckler of Supernal Gnosis (melded) {reflect, Alch, Comp}
   (You took it off an ironbound convoker on level 3 of the Vaults)

   It has a curse which improves the following skills: Alchemy: Poison Magic and
   Transmutations.
   Companions: Summonings and Necromancy.
 q - the cursed +0 pair of gloves of Ashenzari's Moon (melded) {Elem, Alch}
   (You bought it in a shop on level 4 of the Shoals)

   It has a curse which improves the following skills: Elements: Fire Magic, Ice
   Magic, Air Magic and Earth Magic.
   Alchemy:   Poison Magic and Transmutations.
 G - the cursed +0 robe of the Sky (melded) {rC+ rF+, Evo, Elem}
   (You took it off a wight on level 8 of the Dungeon)

   It has a curse which improves the following skills: Evocations: Evocations.
   Elements:  Fire Magic, Ice Magic, Air Magic and Earth Magic.
 R - the cursed +0 cloak of Ashenzari's Vexation (melded) {Will+, Cun, Self}
   (You took it off Nikola on level 2 of the Vaults)

   It has a curse which improves the following skills: Cunning: Dodging and
   Stealth.
   Introspection: Fighting and Spellcasting.
Magical Staves
 k - a cursed staff of fire (melded) {Alch, Fort}
Jewellery
 g - a ring of wizardry
 l - the cursed ring of the Unveiling Boredom (left fist) {AC+4, Comp, Cun}
   (You found it on level 3 of the Dungeon)

   [ring of protection]

   AC:        It affects your AC (+4).
   It has a curse which improves the following skills: Companions: Summonings
   and Necromancy.
   Cunning:   Dodging and Stealth.
 o - a +6 ring of dexterity
 t - the cursed amulet "Circumscribed With Me" (around neck) {RegenMP Int+7 Stlth+, Elem, Bglg}
   (You found it on level 4 of the Shoals)

   [amulet of magic regeneration]

   It increases your rate of magic regeneration.
   Int:       It affects your intelligence (+7).
   Stlth:     It makes you more stealthy.
   It has a curse which improves the following skills: Elements: Fire Magic, Ice
   Magic, Air Magic and Earth Magic.
   Beguiling: Conjurations, Hexes and Translocations.
 y - the cursed ring of the Pangnostic Anarchy (right fist) {rN+, Evo, Fort}
   (You found it in a bailey)

   [ring of positive energy]

   rN:        It protects you from negative energy.
   It has a curse which improves the following skills: Evocations: Evocations.
   Fortitude: Armour and Shields.
 C - a +6 ring of strength
 H - an amulet of reflection
 J - the ring of Wuogovif {Ice Slay+5}
   (You took it off Josephina on level 2 of the Depths)

   [ring of ice]

   It enhances your ice magic.
   Slay:      It affects your accuracy & damage with ranged weapons and melee
   (+5).
   rF:        It makes you vulnerable to fire.
   rC:        It protects you from cold.
 Q - an amulet of the acrobat
 S - a ring of willpower
 Y - a +6 ring of intelligence
Wands
 a - a wand of digging (16)
 j - a wand of iceblast (7)
 E - a wand of paralysis (21)
 F - a wand of acid (5)
 L - a wand of flame (73)
 O - a wand of charming (15)
 T - a wand of polymorph (5)
Scrolls
 f - 12 scrolls of magic mapping
 i - 7 scrolls of poison
 m - 10 scrolls of teleportation
 s - 7 scrolls of fog
 v - 6 scrolls of brand weapon
 x - 7 scrolls of amnesia
 z - 11 scrolls of enchant armour
 A - 4 scrolls of fear
 B - 4 scrolls of blinking
 D - 3 scrolls of enchant weapon
 M - 4 scrolls of summoning
Potions
 b - 4 potions of magic
 d - 7 potions of heal wounds
 h - 12 potions of curing
 n - 12 potions of ambrosia
 r - 11 potions of mutation
 u - 11 potions of cancellation
 w - 6 potions of lignification
 I - 5 potions of brilliance
 K - 7 potions of invisibility
 N - 7 potions of might
 P - 7 potions of haste
 U - 2 potions of resistance
Miscellaneous
 p - a phial of floods
 V - a tin of tremorstones (2/2)
 W - a piece from Xom's chessboard (15/15)
 X - a lightning rod (4/4)


   Skills:
 + Level 18.9 Fighting
 - Level 6.0 Staves
 - Level 1.9(3.8) Armour
 - Level 22.3(24.6) Dodging
 - Level 8.1(10.8) Stealth
 - Level 2.6(4.8) Shields
 + Level 13.3 Spellcasting
 - Level 3.6(6.0) Conjurations
 - Level 16.2(18.7) Summonings
 - Level 3.8 Transmutations
 - Level 23.9(26.1) Air Magic
 - Level 10.0(12.7) Evocations


You couldn't memorise any spells.
You knew the following spells:

 Your Spells              Type           Power      Damage    Failure   Level
a - Shock                 Conj/Air       100%       1d9       0%          1
b - Static Discharge      Conj/Air       91%        N/A       0%          2
c - Storm Form            Tmut/Air       44%        N/A       3%          7
d - Airstrike             Air            57%        N/A       0%          4
e - Summon Lightning Spi  Summ/Air       100%       N/A       0%          4
f - Summon Cactus Giant   Summ           49%        N/A       1%          6
g - Call Canine Familiar  Summ           98%        N/A       0%          3
h - Summon Hydra          Summ           49%        N/A       1%          7
i - Summon Forest         Summ/Tloc      35%        N/A       1%          5
j - Maxwell's Capacitive  Air            57%        ∞         1%          8
k - Freezing Cloud        Conj/Ice/Air   38%        6-21      1%          5

Your spell library contained the following spells:

 Spells                   Type           Power      Damage    Failure   Level
 Summon Small Mammal      Summ           100%       N/A       0%          1
 Corpse Rot               Necr/Air       100%       N/A       0%          2
 Poisonous Vapours        Pois/Air       100%       N/A       0%          2
 Swiftness                Air            100%       N/A       0%          3
 Animate Skeleton         Necr           48%        N/A       1%          1
 Apportation              Tloc           48%        N/A       1%          1
 Magic Dart               Conj           100%       1d8       1%          1
 Sandblast                Erth           48%        2d12      1%          1
 Searing Ray              Conj           100%       2d8       1%          2
 Conjure Flame            Conj/Fire      42%        6-21      1%          3
 Mephitic Cloud           Conj/Pois/Air  75%        N/A       1%          3
 Stone Arrow              Conj/Erth      84%        3d12      1%          3
 Summon Guardian Golem    Hex/Summ       71%        N/A       1%          3
 Animate Armour           Summ/Erth      100%       N/A       1%          4
 Summon Ice Beast         Ice/Summ       71%        N/A       1%          4
 Conjure Ball Lightning   Conj/Air       45%        3x3d16    1%          6
 Blink                    Tloc           48%        N/A       2%          2
 Scorch                   Fire           48%        2d7       2%          2
 Ignite Poison            Fire/Tmut/Pois 31%        N/A       3%          3
 Iskenderun's Battlesphe  Conj           57%        2d11      4%          5
 Frozen Ramparts          Ice            48%        1d6       5%          3
 Inner Flame              Hex/Fire       24%        N/A       5%          3
 Portal Projectile        Hex/Tloc       48%        N/A       5%          3
 Flame Wave               Conj/Fire      42%        2d9       5%          4
 Fulminant Prism          Conj/Hex       21%        3d13      5%          4
 Iskenderun's Mystic Bla  Conj/Tloc      42%        2d10      5%          4
 Sticky Flame             Conj/Fire      42%        2d6       5%          4
 Ice Form                 Ice/Tmut       35%        N/A       9%          4
 Petrify                  Tmut/Erth      35%        N/A       9%          4
 Fireball                 Conj/Fire      21%        3d10      16%         5
 Cause Fear               Hex            12%        N/A       17%         4
 Leda's Liquefaction      Hex/Erth       12%        N/A       17%         4
 Animate Dead             Necr           12%        N/A       19%         4
 Olgreb's Toxic Radiance  Pois           21%        N/A       21%         4
 Haunt                    Necr/Summ      35%        N/A       34%         7
 Lee's Rapid Deconstruct  Erth           12%        3d9*      43%         5
 Manifold Assault         Tloc           24%        N/A       43%         5
 Metabolic Englaciation   Hex/Ice        12%        N/A       43%         5
 Statue Form              Tmut/Erth      23%        N/A       80%         6
 Eringya's Noxious Bog    Tmut/Pois      17%        N/A       82%         6
 Orb of Destruction       Conj           28%        9d9       82%         7
 Simulacrum               Ice/Necr       12%        N/A       95%         6
 Discord                  Hex            12%        N/A       100%        8
 Infestation              Necr           12%        N/A       100%        8
 Lehudib's Crystal Spear  Conj/Erth      21%        10d6      100%        8


Dungeon Overview and Level Annotations

Branches:
Dungeon (15/15)            Temple (0/1) D:7            Lair (6/6) D:9
 Shoals (4/4) Lair:4       Spider (4/4) Lair:3        Slime (0/5) Lair:5
    Orc (2/2) D:11            Elf (0/3) Orc:2        Vaults (4/5) D:14
  Crypt (0/3) Vaults:2     Depths (4/4) D:15         Bailey (visited)
Volcano (visited)
    Zot: Depths:4

Altars:
Ashenzari
Cheibriados
Elyvilon
Gozag
Hepliaklqana
Kikubaaqudgha
Makhleb
Nemelex Xobeh
Qazlal
Sif Muna
Trog
Yredelemnul
Zin
The Shining One
Beogh

Shops:
D:3 (   D:10 [   D:12 [   D:14 ?   Orc:2 ([*=   Shoals:1 *   Shoals:3 ?
Shoals:4 ?(*   Vaults:1 :   Vaults:2 ([   Depths:1 ::=   Depths:3 [

Portals:
Hell: Depths:1 Depths:2 Depths:3
Abyss: Depths:1 Depths:3
Pandemonium: Depths:1 Depths:2
Ziggurat: Depths:3

Annotations:
D:14 exclusion: downstairs
Vaults:4 exclusions: 4 downstairs and yaktaur captain
Depths:1 exclusion: oklob plant
Depths:3 exclusions: daeva and 1 more exclusion


Innate Abilities, Weirdness & Mutations

You are a lightning-filled tempest!
Your electrical attacks strike out in all directions at once.
You are incredibly evasive.
You are flying.
You are immune to poison.
Your armour is entirely melded.
You are incapable of wielding weapons or throwing items.
((You have a beak for a mouth.))
((You have claws for feet.))
Your magical nature lets you fly swiftly and evasively.
((You have a pair of small horns on your head.))


Message History

Confirm with . or Enter, or press ? or * to list all spells.
Aiming: Airstrike (safe; 0% risk of failure)
Press: ? - help, Dir - move target, f/p - caustic shrike
Aim: a caustic shrike (heavily wounded, empty space bonus: 5/8)
The air twists around and strikes the caustic shrike!!
The caustic shrike is severely wounded.
The caustic shrike claws you but does no damage.
The caustic shrike completely misses you.
Unknown command.
Blink to where?
Press: ? - help, Dir - move target, p - caustic shrike
As you read the scroll of blinking, it crumbles to dust.
Things that are here:
a +2 dire flail of protection; a +0 spear Space becomes stable.
Things that are here:
a +0 animal skin; a +1 antimagic war axe You are no longer corroded.
Things that are here:
a +0 spear; an ettin skeleton The caustic shrike attacks as you move away!
The caustic shrike closely misses you.
The caustic shrike completely misses you.
The caustic shrike attacks as you move away!
The caustic shrike completely misses you.
The caustic shrike claws you!
* * * LOW HITPOINT WARNING * * *
You are splashed with acid.
* * * LOW HITPOINT WARNING * * *
The caustic shrike closely misses you.
Your transformation is almost over.
The caustic shrike barely misses you. The caustic shrike claws you!
* * * LOW HITPOINT WARNING * * *
The acid corrodes you!
You are splashed with acid!
* * * LOW HITPOINT WARNING * * *
There is a stone staircase leading up here.
The caustic shrike completely misses you.
The caustic shrike claws you!!
You die...

##### **##############
...#.. ,.+....#......#
...#.. .#....#......#
.#########....#......#
.###....##....#......#
.....^..#.....##.....#
........##b...##.....#
.#########....##.....#
.####..)##.[...bv....#
{{.......).[.........#
.......)[)...........#
######################
.#.###..#....####....,
.#......#....#..#.. ,,
.#......#....#..' , ,
.#,,* , ,,**' , ,* .#,
* ,* , , ,,,


You could see 2 caustic shrikes.

Vanquished Creatures
  2 dread liches (Depths:2)
  Josephina (Depths:2)
  Margery (Depths:1)
  5 liches
  A tentacled monstrosity (Depths:2)
  Asterion (Depths:2)
  The ghost of OTABOTABOTAB the Sorcerer, an adept DECj of Vehumet (Shoals:2)
  2 sphinxes
  A storm dragon (Depths:3)
  A tengu reaver (Depths:2)
  A thorn hunter (Depths:1)
  A daeva (Abyss:4)
  Ilsuiw (Shoals:2)
  A fire giant (Depths:2)
  An iron dragon (Depths:3)
  4 frost giants
  8 ghost moths
  3 deep elf sorcerers
  An orc warlord (Orc:2)
  3 vault wardens
  A cacodemon (Abyss:4)
  4 emperor scorpions
  7 very ugly things
  6 ironbound preservers
  Louise (Depths:1)
  Nessos (Orc:2)
  2 ironbound thunderhulks
  4 stone giants
  A lorocyproca (Abyss:2)
  3 dire elephants (Vaults:4)
  A deep elf annihilator (Depths:2)
  4 spark wasps
  3 ettins
  2 merfolk impalers
  2 crystal guardians
  5 merfolk javelineers
  2 fire dragons
  3 great orbs of eyes
  6 yaktaur captains
  3 boulder beetles
  8 hydras
  A peacekeeper (Vaults:4)
  2 ice dragons
  6 spriggan air magi
  4 vault guards
  An ogre mage (Vaults:3)
  3 catoblepae
  2 alligator snapping turtles
  2 merfolk avatars
  10 centaur warriors
  3 two-headed ogres
  A radroach (Spider:4)
  A merfolk aquamancer (Shoals:4)
  4 death yaks
  2 orc high priests (Orc:2)
  3 satyrs
  3 deep troll earth magi (Depths:2)
  2 spriggan berserkers (Depths:4)
  A thrashing horror (Abyss:4)
  5 tengu warriors
  4 vampire magi
  A soul eater (Abyss:2)
  2 hell knights (Depths:1)
  2 wretched stars (Abyss:4)
  3 iron trolls
  2 sun moths
  A pharaoh ant (Spider:3)
  A sixfirhy (Abyss:4)
  4 orb spiders
  A flayed ghost (Vaults:2)
  An orb spider (shapeshifter) (D:15)
  2 glowing orange brains
  A sea snake (Shoals:4)
  A golden dragon zombie (Abyss:2)
  15 deep trolls
  A glowing orange brain (shapeshifter) (Vaults:1)
  An obsidian statue (Shoals:2)
  8 large abominations
  A phantasmal warrior (Vaults:1)
  A deep elf archer (D:14)
  8 wizards
  11 ironbound convokers
  A deep elf pyromancer (Bailey)
  26 ugly things
  3 orc knights (Orc:2)
  6 harpies
  An oklob plant (Lair:1)
  A deep elf zephyrmancer (D:15)
  9 fauns
  9 wolf spiders
  2 cyclopes
  4 orc sorcerers (Orc:2)
  12 manticores
  10 elephants
  8 vault sentinels
  2 moths of wrath (Spider:3)
  4 black mambas
  6 merfolk sirens
  2 water nymphs
  A smoke demon (Abyss:2)
  A torpor snail (Spider:1)
  A molten gargoyle (Volcano)
  4 cane toads
  3 gargoyles
  A freezing wraith (Abyss:2)
  8 komodo dragons
  An efreet (Volcano)
  2 ancient zymes (Abyss:2)
  2 unseen horrors
  11 yaktaurs
  4 demonic crawlers
  5 tengu conjurers
  4 rime drakes
  A queen bee (Spider:1)
  3 trolls
  13 merfolk
  6 meliai
  A polar bear (Lair:5)
  Grinder (D:3)
  A wind drake (Shoals:2)
  4 raiju
  2 hornets
  13 slime creatures
  7 dream sheep
  3 snapping turtles
  12 tarantellas
  10 blink frogs
  12 jumping spiders
  10 culicivoras
  2 shadows
  2 spriggans
  A vampire (D:14)
  5 wraiths
  8 water elementals
  A wyvern (Lair:5)
  2 fire bats (Volcano)
  10 yaks
  A golden eye (shapeshifter) (Depths:1)
  25 redbacks
  2 basilisks
  2 fire elementals (Volcano)
  A steam dragon (D:10)
  4 vampire mosquitoes
  A chaos spawn (Depths:2)
  A naga zombie (Abyss:4)
  Menkaure (D:4)
  2 acid dragons
  2 wargs (Orc:2)
  A spatial vortex (Abyss:4)
  Edmund (D:4)
  A human skeleton (Vaults:1)
  9 water moccasins
  A floating eye (Depths:3)
  4 nameless horrors
  4 small abominations
  2 ice beasts
  A sky beast (D:6)
  20 orc warriors
  3 black bears
  4 ogres
  3 wolves
  8 centaurs
  An elf simulacrum (Vaults:1)
  An earth elemental (Volcano)
  2 kobold brigands (D:6)
  8 bullfrogs
  A gnoll sergeant (D:9)
  6 scorpions
  A necrophage (D:6)
  2 wights (D:8)
  22 killer bees
  2 electric eels
  A vampire bat (D:9)
  9 howler monkeys
  4 lava snakes (Volcano)
  4 hounds
  4 jellies
  19 orc priests
  A gnoll shaman (D:4)
  3 hell rats
  20 orc wizards
  Natasha (thrice) (D:2)
  4 iguanas
  Robin (D:2)
  12 adders
  13 gnolls
  7 river rats (Lair:5)
  A shadow imp (D:7)
  3 white imps
  3 worms
  The ghost of purpskrrrp the Sneak, a weakling TrDe (D:5)
  2 dart slugs
  74 orcs
  6 ball pythons
  2 bat skeletons (D:9)
  3 bat zombies (D:9)
  11 endoplasms
  5 giant cockroaches
  13 goblins
  11 hobgoblins
  4 jackals (D:1)
  15 kobolds
  9 quokkas
  6 bats
  2 frilled lizards (D:2)
  8 rats
  A butterfly (Lair:5)
  A starspawn tentacle (Abyss:4)
957 creatures vanquished.

Vanquished Creatures (collateral kills)
  A bone dragon (Abyss:4)
  Nikola (Vaults:2)
  A lich (Depths:3)
  A quicksilver dragon (Depths:3)
  A walking frostbound tome (Depths:3)
  Polyphemus (Shoals:2)
  An acid blob (Depths:1)
  2 tentacled starspawn (Abyss:4)
  A sphinx (Depths:1)
  A fire giant (Depths:4)
  A fenstrider witch (Shoals:4)
  4 emperor scorpions
  9 ironbound preservers
  3 stone giants
  A broodmother (Spider:2)
  An ironbound thunderhulk (Vaults:2)
  An ophan (Abyss:4)
  6 very ugly things
  An entropy weaver (Spider:2)
  A vampire knight (Depths:3)
  8 dire elephants
  5 spark wasps
  Snorg (Lair:6)
  2 merfolk javelineers
  9 merfolk impalers
  4 ettins
  The ghost of BigDaddyOpFi the Basher, a journeyman MiBe of Trog (Lair:4)
  5 great orbs of eyes
  3 rakshasas
  5 vault guards
  A catoblepas (Lair:6)
  7 yaktaur captains
  2 ice dragons (Depths:2)
  3 ironbound frosthearts
  2 alligator snapping turtles (Shoals:4)
  A peacekeeper (D:14)
  A merfolk aquamancer (Shoals:4)
  5 hydras
  A juggernaut simulacrum (Depths:2)
  A caustic shrike simulacrum (Depths:2)
  17 death yaks
  An ogre mage (D:15)
  3 satyrs (Shoals:4)
  6 boulder beetles
  2 radroaches
  2 centaur warriors
  Erica (D:9)
  8 two-headed ogres
  3 deep troll earth magi
  2 merfolk avatars
  3 spriggan berserkers (Depths:1)
  4 vampire magi (Depths:2)
  4 thrashing horrors (Abyss:4)
  2 orc high priests (Orc:2)
  2 tengu warriors (Depths:1)
  4 deep troll shamans
  2 hell knights (Depths:1)
  Sonja (Orc:2)
  4 spriggans
  20 slime creatures
  Amaemon (Lair:3)
  4 pharaoh ants
  A sixfirhy (Abyss:4)
  An iron troll (Depths:1)
  A golden dragon zombie (Vaults:1)
  6 sea snakes
  A spatial maelstrom (Abyss:2)
  4 large abominations
  A glowing orange brain (Vaults:4)
  7 ironbound convokers
  7 orb spiders
  7 steelbarb worms
  33 deep trolls
  4 wizards
  Pikel (D:8)
  A lindwurm (Vaults:1)
  3 necromancers
  A salamander (D:15)
  2 orc sorcerers
  8 harpies
  30 ugly things
  An orc knight (Bailey)
  10 wolf spiders
  A worldbinder (Abyss:4)
  A will-o-the-wisp (Abyss:4)
  A manticore (shapeshifter) (Abyss:4)
  10 manticores
  6 fauns
  A moth of wrath (Spider:2)
  A stone giant skeleton (Vaults:1)
  15 elephants
  4 cyclopes
  6 merfolk sirens
  6 vault sentinels
  4 black mambas
  A molten gargoyle (Volcano)
  An apocalypse crab (Abyss:4)
  2 torpor snails
  4 water nymphs
  4 cane toads
  3 smoke demons
  A titan simulacrum (Depths:2)
  4 demonic crawlers
  2 orange demons
  2 rime drakes (Lair:6)
  A komodo dragon (shapeshifter) (D:15)
  A freezing wraith (Abyss:4)
  13 yaktaurs
  4 tengu conjurers
  10 komodo dragons
  10 merfolk
  4 trolls
  4 meliai
  3 wind drakes
  4 polar bears
  5 dream sheep
  5 raiju
  4 hornets
  8 blink frogs
  12 tarantellas
  5 snapping turtles
  A vampire (D:13)
  9 jumping spiders
  A shadow (D:11)
  19 yaks
  13 culicivoras
  6 water elementals
  A ynoxinul (Abyss:2)
  2 wraiths
  Grum (D:8)
  4 fire bats (Volcano)
  3 neqoxecs
  A fire elemental (Abyss:4)
  32 redbacks
  4 vampire mosquitoes
  3 basilisks
  3 chaos spawn
  A steam dragon (D:9)
  4 small abominations (Abyss:4)
  7 water moccasins
  4 acid dragons
  A swamp worm (shapeshifter) (Vaults:1)
  A human skeleton (Vaults:1)
  21 orc warriors
  An ice beast (D:8)
  2 ogres
  6 starcursed masses (Abyss:4)
  7 centaurs
  16 wolves
  2 lemures (D:8)
  9 bullfrogs
  A kobold brigand (D:10)
  A glowing shapeshifter simulacrum (Depths:2)
  2 wights (D:8)
  4 killer bees
  2 howler monkeys
  3 lava snakes (Volcano)
  2 jellies
  A hound (Lair:1)
  A gnoll shaman (Lair:4)
  11 orc priests
  4 orc wizards
  5 hell rats
  2 nameless horrors
  A gnoll (D:9)
  2 river rats (Lair:5)
  29 orcs
  3 endoplasms (Lair:5)
  6 briar patches (Depths:1)
  A starspawn tentacle (Abyss:4)
771 creatures vanquished.

Vanquished Creatures (others)
  A centaur warrior (Vaults:4)
  A wizard (Depths:2)
  An unseen horror (D:10)
  A kobold (D:10)
  7 bushes
  A butterfly (Lair:5)
  2 foxfires (Abyss:4)
  42 fungi
  186 plants
  36 snaplasher vines
  10 starspawn tentacles (Abyss:4)
  A withered plant (D:11)
289 creatures vanquished.

Grand Total: 2017 creatures vanquished

Notes
Turn   | Place    | Note
-------+----------+-------------------------------------------
     0 | D:1      | quinnr the Tengu Air Elementalist began the quest for the
                  | Orb.
     0 | D:1      | Reached XP level 1. HP: 10/10 MP: 4/4
   438 | D:1      | Reached XP level 2. HP: 15/15 MP: 3/6
   767 | D:1      | Learned a level 2 spell: Static Discharge
   769 | D:1      | Learned a level 1 spell: Summon Small Mammal
  1085 | D:1      | Reached XP level 3. HP: 19/19 MP: 4/7
  1149 | D:1      | Reached skill level 1 in Summonings
  1149 | D:1      | Reached skill level 5 in Air Magic
  1638 | D:2      | Noticed Robin
  1754 | D:1      | Reached XP level 4. HP: 12/24 MP: 0/8
  2596 | D:2      | Found a burning altar of Makhleb.
  2671 | D:2      | Reached skill level 6 in Air Magic
  2732 | D:2      | Noticed Natasha
  2742 | D:2      | Killed Natasha
  2743 | D:2      | Gained mutation: Your magical nature lets you fly swiftly
                  | and evasively. [Tengu growth]
  2743 | D:2      | Reached XP level 5. HP: 16/28 MP: 5/9
  2832 | D:2      | Noticed Natasha
  2846 | D:2      | Killed Natasha
  2943 | D:2      | Noticed Natasha
  2949 | D:2      | Killed Natasha
  2950 | D:2      | Reached skill level 7 in Air Magic
  3201 | D:2      | Found a faded altar of an unknown god.
  3495 | D:2      | Killed Robin
  3675 | D:3      | Found Zanel's Weapon Boutique.
  3870 | D:3      | Noticed Grinder
  3893 | D:3      | Killed Grinder
  3894 | D:3      | Reached skill level 9 in Air Magic
  3894 | D:3      | Reached XP level 6. HP: 28/32 MP: 0/10
  4012 | D:3      | Noticed an ice beast
  4042 | D:3      | Killed an ice beast
  4043 | D:3      | Reached skill level 1 in Fighting
  4043 | D:3      | Reached XP level 7. HP: 23/38 MP: 1/11
  4671 | D:4      | elongatedgoose: hi
  5413 | D:4      | Found an opulent altar of Gozag.
  5413 | D:4      | Found a faded altar of an unknown god.
  5528 | D:4      | Noticed Menkaure
  5687 | D:3      | Learned a level 4 spell: Airstrike
  5712 | D:4      | Killed Menkaure
  5949 | D:4      | Found a broken altar of Ashenzari.
  5960 | D:4      | Found a faded altar of an unknown god.
  5962 | D:4      | Found a glowing golden altar of the Shining One.
  6040 | D:5      | Entered Level 5 of the Dungeon
  6046 | D:5      | Reached skill level 10 in Air Magic
  6136 | D:5      | Found a stormy altar of Qazlal.
  6159 | D:4      | Reached XP level 8. HP: 22/46 MP: 3/12
  6343 | D:5      | Reached skill level 5 in Dodging
  6564 | D:4      | Reached skill level 11 in Air Magic
  6618 | D:5      | Noticed Edmund
  6693 | D:4      | Killed Edmund
  6887 | D:4      | Identified a scroll of acquirement
  6887 | D:4      | Acquired the +2 hat of Wu Jian's Regard {rElec Dex+2}
  7078 | D:5      | Reached skill level 12 in Air Magic
  7784 | D:5      | Reached XP level 9. HP: 52/52 MP: 1/14
  7970 | D:5      | Acquired the Almanac of Sinister Companions
  7977 | D:5      | Learned a level 4 spell: Summon Lightning Spire
  8011 | D:5      | Found a runed translucent door.
  8013 | D:5      | Noticed purpskrrrp's ghost (weakling TrDe)
  8140 | D:5      | Killed purpskrrrp's ghost
  9027 | D:6      | Found a snail-covered altar of Cheibriados.
  9048 | D:6      | Found a bloodstained altar of Trog.
  9125 | D:4      | Became a worshipper of Ashenzari the Shackled
  9687 | D:7      | Found a flagged portal.
  9696 | Bailey   | Entered a bailey
  9918 | Bailey   | Reached skill level 5 in Fighting
 10179 | Bailey   | Found a large runed translucent door.
 10179 | Bailey   | Found a large runed translucent door.
 10180 | Bailey   | Noticed a deep elf pyromancer
 10181 | Bailey   | Noticed an orc knight
 10211 | Bailey   | Killed an orc knight
 10212 | Bailey   | Reached skill level 5 in Summonings
 10212 | Bailey   | Reached skill level 13 in Air Magic
 10212 | Bailey   | Reached XP level 10. HP: 47/59 MP: 4/18
 10388 | Bailey   | Killed a deep elf pyromancer
 10389 | Bailey   | Reached skill level 5 in Spellcasting
 10757 | D:7      | Reached skill level 14 in Air Magic
 10860 | D:7      | Found a staircase to the Ecumenical Temple.
 11336 | D:8      | Reached * piety under Ashenzari
 11624 | D:8      | Reached skill level 15 in Air Magic
 11757 | D:8      | Noticed Grum
 11762 | D:8      | Killed Grum
 11767 | D:8      | Reached skill level 1 in Staves
 11773 | D:8      | Reached skill level 1 in Evocations
 12323 | D:8      | Noticed Pikel
 12338 | D:8      | Killed Pikel
 12339 | D:8      | Reached XP level 11. HP: 64/64 MP: 8/20
 12578 | D:8      | Identified the +8 shortbow "Bengum" {freeze, Drain Fragile
                  | Fly rN+++}
 12579 | D:8      | Found a sparkling altar of Nemelex Xobeh.
 12582 | D:8      | Found a basalt altar of Yredelemnul.
 13157 | D:8      | Reached ** piety under Ashenzari
 13659 | D:9      | Found an ancient bone altar of Kikubaaqudgha.
 13736 | D:9      | Noticed Erica
 13751 | D:9      | Killed Erica
 13766 | D:9      | Identified the cursed +0 robe of the Sky {rC+ rF+, Evo,
                  | Elem} (You took it off a wight on level 8 of the Dungeon)
 13766 | D:9      | Identified the cursed amulet of Ashenzari's Planets
                  | {Reflect SH+5, Range, Cun} (You found it on level 4 of the
                  | Dungeon)
 14458 | D:9      | Found a staircase to the Lair.
 14669 | D:10     | Entered Level 10 of the Dungeon
 14731 | D:10     | Reached *** piety under Ashenzari
 14924 | D:10     | Found Kedwadgh's Armour Shop.
 14932 | D:10     | Bought a +0 buckler for 67 gold pieces
 14971 | D:10     | Noticed a catoblepas
 15026 | D:10     | Killed a catoblepas
 15027 | D:10     | Reached skill level 1 in Shields
 15312 | D:10     | Upgraded the game from 0.29-a0-418-gc0181ea820 to
                  | 0.29-a0-422-gafbd6decc1
 16147 | D:11     | Identified the +11 war axe of Evil {elec, Str+3}
 16332 | D:11     | Reached XP level 12. HP: 72/72 MP: 0/22
 16573 | Lair:1   | Entered Level 1 of the Lair of Beasts
 17369 | Lair:1   | Reached skill level 16 in Air Magic
 19063 | Lair:3   | Reached **** piety under Ashenzari
 19115 | Lair:3   | Reached skill level 10 in Dodging
 19163 | Lair:3   | Found a hole to the Spider Nest.
 19723 | Lair:3   | Noticed Amaemon
 19731 | Lair:3   | Killed Amaemon
 19957 | Lair:3   | Reached ***** piety under Ashenzari
 20405 | Lair:4   | Found a large runed translucent door.
 20408 | Lair:4   | Found a large runed translucent door.
 20523 | Lair:4   | Noticed a seven-headed hydra
 20529 | Lair:4   | Killed a seven-headed hydra
 20664 | Lair:4   | Reached XP level 13. HP: 66/80 MP: 2/23
 20995 | Lair:4   | Reached skill level 17 in Air Magic
 21497 | Lair:4   | Noticed BigDaddyOpFi's ghost (journeyman MiBe)
 22036 | Lair:4   | Found a staircase to the Shoals.
 22434 | Lair:4   | Killed BigDaddyOpFi's ghost
 22987 | Lair:5   | Found a staircase to the Slime Pits.
 24597 | Lair:5   | Reached XP level 14. HP: 86/86 MP: 12/26
 24831 | Lair:6   | Entered Level 6 of the Lair of Beasts
 25800 | Lair:6   | Reached skill level 15 in Dodging
 26023 | Lair:5   | Reached skill level 10 in Fighting
 26023 | Lair:5   | Reached XP level 15. HP: 84/92 MP: 29/29
 26205 | Lair:6   | Reached skill level 10 in Spellcasting
 26830 | Lair:6   | Noticed Snorg
 26841 | Lair:6   | Killed Snorg
 26931 | Lair:6   | Reached skill level 18 in Air Magic
 28032 | Lair:6   | Reached skill level 5 in Evocations
 28616 | D:11     | Found a basalt altar of Yredelemnul.
 28623 | D:11     | Reached XP level 16. HP: 99/99 MP: 20/31
 28904 | D:11     | Found a staircase to the Orcish Mines.
 30310 | D:12     | Found Latwati's Antique Armour Shoppe.
 31069 | D:12     | Bought a runed robe for 88 gold pieces
 32272 | D:13     | Reached skill level 19 in Air Magic
 32983 | D:13     | Identified the +1 robe "Xaeg" {Fly}
 34782 | D:14     | Found a glowing golden altar of the Shining One.
 35177 | D:14     | Found a gate to the Vaults.
 35591 | D:14     | Found a white marble altar of Elyvilon.
 35593 | D:14     | Found a glowing silver altar of Zin.
 36438 | D:14     | Found Faet's Magic Scroll Shoppe.
 36597 | D:15     | Entered Level 15 of the Dungeon
 36664 | Orc:1    | Entered Level 1 of the Orcish Mines
 36858 | Orc:1    | Found a dark tunnel.
 36914 | Volcano  | Entered a volcano
 37040 | Volcano  | Reached skill level 20 in Air Magic
 37315 | Volcano  | Reached XP level 17. HP: 108/108 MP: 22/32
 37510 | Volcano  | Found a burning altar of Makhleb.
 38235 | Orc:2    | Entered Level 2 of the Orcish Mines
 38715 | Orc:2    | Found a staircase to the Elven Halls.
 39030 | Orc:2    | Noticed Sonja
 39036 | Orc:2    | Killed Sonja
 39532 | Orc:2    | Noticed Nessos
 39543 | Orc:2    | Killed Nessos
 41625 | Orc:2    | Found Tatuhaf's Antique Armour Shop.
 41626 | Orc:2    | Found Lajawk's General Store.
 41626 | Orc:2    | Found Rout's Antique Weapon Shop.
 41627 | Orc:2    | Found Sezeps's Jewellery Boutique.
 42097 | Shoals:1 | Entered Level 1 of the Shoals
 42461 | Shoals:1 | Found Ciyjaot's Commerce Corner.
 44655 | Shoals:2 | Identified the +9 whip of Pewia {elec, rElec rPois rC-}
 44730 | Shoals:2 | Found a runed translucent gate.
 44730 | Shoals:2 | Found a runed translucent gate.
 44730 | Shoals:2 | Found a runed translucent gate.
 44731 | Shoals:2 | Found an opulent altar of Gozag.
 44732 | Shoals:2 | Noticed OTABOTABOTAB's ghost (adept DECj)
 44755 | Shoals:2 | Reached skill level 21 in Air Magic
 45393 | Shoals:2 | Learned a level 6 spell: Summon Cactus Giant
 45587 | Shoals:2 | Noticed Ilsuiw
 45633 | Shoals:2 | Killed Ilsuiw
 46944 | Shoals:2 | quinnr: ??cactus giant
 46944 | Shoals:2 | beem: summon cactus giant[1/2]: L6 Summoning. Calls a giant
                  | cactus with a giant pile of HP (scaling strongly with
                  | spellpower) and 4d8 spine damage against melee attackers.
                  | Also has a giant spiked club, which it attacks very slowly
                  | with. New in 0.28.
 48265 | Shoals:3 | Reached XP level 18. HP: 116/116 MP: 19/33
 48415 | Shoals:3 | Found Vywobank's Magic Scroll Shop.
 48703 | Shoals:4 | Entered Level 4 of the Shoals
 49197 | Spider:1 | Entered Level 1 of the Spider Nest
 52367 | Spider:1 | Reached skill level 22 in Air Magic
 52764 | Spider:2 | Reached skill level 10 in Summonings
 57943 | Spider:4 | Entered Level 4 of the Spider Nest
 60187 | Spider:3 | quinnr: ??ghost moth
 60187 | Spider:3 | beem: ghost moth[1/4]: Fast, invisible, poison-resistant
                  | moth which gazes at you to drain MP and attacks you to
                  | drain stats and inflict poison. Found in Zot and in spider
                  | zig levels. They can also appear in the Spider's Nest,
                  | especially the last level.
 60187 | Spider:3 | quinnr: ??ghost moth[2
 60187 | Spider:3 | beem: ghost moth[2/4]: Does not see invisible, so you can
                  | turn invisible to avoid the MP drain.
 60187 | Spider:3 | quinnr: ??ghost moth[3
 60187 | Spider:3 | beem: ghost moth[3/4]: You feel you are being watched by
                  | something.
 60187 | Spider:3 | quinnr: ??ghost moth[4
 60187 | Spider:3 | beem: ghost moth[4/4]: i find it amazing that ghosts moths
                  | can't see invisibl how do they mate
 60366 | Spider:3 | Learned a level 3 spell: Call Canine Familiar
 62020 | Spider:3 | Reached XP level 19. HP: 29/122 MP: 1/34
 64017 | D:14     | Reached skill level 15 in Fighting
 64285 | D:15     | Found a staircase to the Depths.
 64430 | D:15     | Reached skill level 23 in Air Magic
 65324 | Shoals:4 | Found Cuunk's Magic Scroll Boutique.
 66100 | Shoals:4 | Identified the amulet "Kicel" {RegenMP Int+7 Stlth+}
 66587 | Shoals:4 | Reached skill level 5 in Stealth
 66822 | Shoals:4 | Identified the +0 leather armour of Igifymet {Regen+}
 66965 | Shoals:4 | Found Buophabi's Assorted Antiques.
 67031 | Shoals:4 | Bought a sapphire potion for 27 gold pieces
 67031 | Shoals:4 | Bought a scroll of teleportation for 90 gold pieces
 67031 | Shoals:4 | Bought a scroll of teleportation for 90 gold pieces
 67031 | Shoals:4 | Bought a pair of gloves for 135 gold pieces
 67235 | Shoals:4 | Found Geuryrua's Antique Weapon Boutique.
 68048 | Shoals:4 | Reached skill level 1 in Armour
 68773 | Shoals:4 | Got a barnacled rune of Zot
 69938 | Vaults:1 | Entered Level 1 of the Vaults
 69938 | Vaults:1 | Found Ytremosh's Book Emporium.
 70537 | Vaults:1 | Reached skill level 20 in Dodging
 70982 | Vaults:1 | Identified the +9 morningstar "Luol" {drain, *Rage Str+2
                  | Int+6 Stlth+}
 71137 | Vaults:1 | Reached skill level 5 in Staves
 72690 | D:14     | Bought a scroll of enchant armour for 105 gold pieces
 72690 | D:14     | Bought a scroll of fog for 28 gold pieces
 72690 | D:14     | Bought a scroll of magic mapping for 49 gold pieces
 72690 | D:14     | Bought a scroll of summoning for 133 gold pieces
 73023 | Shoals:3 | Bought a scroll of teleportation for 48 gold pieces
 73023 | Shoals:3 | Bought a scroll of fog for 32 gold pieces
 73023 | Shoals:3 | Bought a scroll of torment for 120 gold pieces
 73023 | Shoals:3 | Bought a scroll of immolation for 56 gold pieces
 73023 | Shoals:3 | Bought a scroll of poison for 56 gold pieces
 73055 | Shoals:4 | Bought a scroll of vulnerability for 105 gold pieces
 73055 | Shoals:4 | Bought a scroll of immolation for 49 gold pieces
 73055 | Shoals:4 | Bought a scroll of magic mapping for 49 gold pieces
 73055 | Shoals:4 | Bought a scroll of vulnerability for 105 gold pieces
 73055 | Shoals:4 | Bought a scroll of enchant armour for 105 gold pieces
 73055 | Shoals:4 | Bought a scroll of poison for 49 gold pieces
 73055 | Shoals:4 | Bought a scroll of amnesia for 49 gold pieces
 73055 | Shoals:4 | Bought a scroll of brand weapon for 280 gold pieces
 73101 | Shoals:2 | Noticed Polyphemus
 73119 | Shoals:2 | Killed Polyphemus
 73705 | Shoals:2 | Killed OTABOTABOTAB's ghost
 74309 | Vaults:1 | Bought a Fen Folio for 588 gold pieces
 74309 | Vaults:1 | Bought an Everburning Encyclopedia for 364 gold pieces
 74317 | Vaults:1 | Learned a level 7 spell: Summon Hydra
 74323 | Vaults:1 | Learned a level 5 spell: Summon Forest
 75135 | Vaults:1 | Reached XP level 20. HP: 131/131 MP: 27/35
 75534 | Vaults:1 | HP: 11/131 [stone giant/large rock (41)]
 76300 | Vaults:1 | Found Ytremosh's Book Emporium.
 76587 | Vaults:2 | Found Ciun's Weapon Emporium.
 76796 | Vaults:2 | Found Plog's Antique Armour Emporium.
 77742 | Vaults:2 | Identified the +0 pair of gloves "Osuokis" {rC+ Will+
                  | rCorr}
 77742 | Vaults:2 | Noticed Nikola
 79379 | Vaults:2 | Killed Nikola
 79383 | Vaults:2 | Reached ****** piety under Ashenzari
 79701 | Vaults:2 | Found a staircase to the Crypt.
 80456 | Vaults:2 | Reached skill level 10 in Evocations
 80649 | Vaults:3 | Found a flickering gateway to a bazaar.
 80707 | Bazaar   | Entered a bazaar
 80799 | Bazaar   | Found Dosiugao's Armour Emporium.
 80799 | Bazaar   | Found Megielih's Book Shoppe.
 80820 | Bazaar   | Found Diall's Book Emporium.
 80820 | Bazaar   | Found Zeikhlen's Magic Scroll Shoppe.
 80841 | Bazaar   | Found Heojeos's Antique Weapon Emporium.
 80914 | Bazaar   | Bought a Trismegistus Codex for 364 gold pieces
 80914 | Bazaar   | Bought a book of the Sky for 572 gold pieces
 82714 | Vaults:3 | Identified the +1 robe of the Marlin {Str+5 Slay-3 Stlth+}
 82764 | Vaults:3 | Learned a level 8 spell: Maxwell's Capacitive Coupling
 83513 | Vaults:3 | Reached XP level 21. HP: 142/142 MP: 22/38
 88472 | Spider:4 | Identified the +4 robe "Kiejugof" {Int+4}
 89953 | Spider:4 | Reached skill level 15 in Summonings
 90012 | Spider:4 | Got a gossamer rune of Zot
 90058 | Spider:4 | Learned a level 7 spell: Storm Form
 90070 | Spider:4 | Reached XP level 22. HP: 152/152 MP: 41/41
 90547 | Depths:1 | Entered Level 1 of the Depths
 90655 | Depths:1 | Found a one-way gate leading to the halls of Pandemonium.
 90682 | Depths:1 | Identified the cursed +0 cloak of Ashenzari's Vexation
                  | {Will+, Cun, Self} (You took it off Nikola on level 2 of
                  | the Vaults)
 90682 | Depths:1 | Identified the cursed +0 pair of gloves of Ashenzari's Moon
                  | {Elem, Alch} (You bought it in a shop on level 4 of the
                  | Shoals)
 90682 | Depths:1 | Identified the cursed +0 buckler of Supernal Gnosis
                  | {reflect, Alch, Comp} (You took it off an ironbound
                  | convoker on level 3 of the Vaults)
 91174 | Depths:1 | Found a gateway to Hell.
 91174 | Depths:1 | Noticed Margery
 91206 | Depths:1 | Killed Margery
 91237 | Depths:1 | Reached XP level 23. HP: 68/150 MP: 8/39
 92158 | Depths:1 | Noticed Louise
 92175 | Depths:1 | Killed Louise
 92382 | Depths:1 | Found a one-way gate to the infinite horrors of the Abyss.
 92573 | Depths:1 | Found Dedaej's Book Boutique.
 92574 | Depths:1 | Found Hafiwk Zail's Jewellery Shoppe.
 92575 | Depths:1 | Found Ysekudaowk's Book Boutique.
 92681 | Depths:1 | SoEpicPie: hello
 93615 | Depths:2 | Noticed Asterion
 93624 | Depths:2 | Killed Asterion
 93993 | Depths:2 | Identified the ring of Wuogovif {Ice Slay+5}
 93993 | Depths:2 | Noticed Josephina
 94114 | Depths:2 | Found a sparkling altar of Nemelex Xobeh.
 94305 | Depths:2 | Cast into level 2 of the Abyss (a wizard)
 94577 | Abyss:3  | quinnr: ??abyss
 94577 | Abyss:3  | beem: abyss[1/11]: A merry-go-round of doom, featuring
                  | many, many, many different kinds of monsters who will find
                  | your flesh, bones, mind, and life tasty. 5 levels. Rune
                  | spawns in vaults on floor 3 and deeper. In 0.28+, you can't
                  | get XP, items, or other nice things here.
 94625 | Abyss:4  | Found a candlelit altar of Ignis.
 94813 | Abyss:4  | Gained mutation: You are clumsy. (Dex -2) [a neqoxec]
 94820 | Abyss:4  | Gained mutation: You are weak. (Str -2) [a neqoxec]
 95022 | Abyss:4  | Gained mutation: Your magical capacity is low. (-10% MP) [a
                  | cacodemon]
 95047 | Abyss:4  | Lost mutation: You are weak. (Str -2) [potion of mutation]
 95047 | Abyss:4  | Lost mutation: Your magical capacity is low. (-10% MP)
                  | [potion of mutation]
 95047 | Abyss:4  | Lost mutation: You are clumsy. (Dex -2) [potion of
                  | mutation]
 95047 | Abyss:4  | Gained mutation: You are clumsy. (Dex -2) [potion of
                  | mutation]
 95047 | Abyss:4  | Gained mutation: You sometimes lose the ability to read
                  | scrolls when taking damage. [potion of mutation]
 95048 | Abyss:4  | Lost mutation: You sometimes lose the ability to read
                  | scrolls when taking damage. [potion of mutation]
 95048 | Abyss:4  | Lost mutation: You are clumsy. (Dex -2) [potion of
                  | mutation]
 95048 | Abyss:4  | Gained mutation: You do not regenerate when monsters are
                  | visible. [potion of mutation]
 95049 | Abyss:4  | Lost mutation: You do not regenerate when monsters are
                  | visible. [potion of mutation]
 95049 | Abyss:4  | Gained mutation: Armour fits poorly on your strangely
                  | shaped body. [potion of mutation]
 95049 | Abyss:4  | Gained mutation: You are frail. (-10% HP) [potion of
                  | mutation]
 95049 | Abyss:4  | Gained mutation: Your flesh is heat resistant. (rF+)
                  | [potion of mutation]
 95050 | Abyss:4  | Lost mutation: Armour fits poorly on your strangely shaped
                  | body. [potion of mutation]
 95050 | Abyss:4  | Lost mutation: You are frail. (-10% HP) [potion of
                  | mutation]
 95050 | Abyss:4  | Lost mutation: Your flesh is heat resistant. (rF+) [potion
                  | of mutation]
 95050 | Abyss:4  | Gained mutation: You have a pair of small horns on your
                  | head. [potion of mutation]
 95091 | Abyss:5  | Entered Level 5 of the Abyss
 95119 | Abyss:5  | Found a shimmering altar of Xom.
 95120 | Abyss:5  | Found a shimmering altar of Xom.
 95120 | Abyss:5  | Found a corrupted altar of Lugonu.
 95120 | Abyss:5  | Found a shimmering altar of Xom.
 95120 | Abyss:5  | Found a shimmering altar of Xom.
 95120 | Abyss:5  | Found a shimmering altar of Xom.
 95120 | Abyss:5  | Found a shimmering altar of Xom.
 95120 | Abyss:5  | Found a shimmering altar of Xom.
 95121 | Abyss:5  | Found a shimmering altar of Xom.
 95121 | Abyss:5  | Found a shimmering altar of Xom.
 95121 | Abyss:5  | Found a shimmering altar of Xom.
 95121 | Abyss:5  | Found a shimmering altar of Xom.
 95121 | Abyss:5  | Found a shimmering altar of Xom.
 95122 | Abyss:5  | Found a shimmering altar of Xom.
 95122 | Abyss:5  | Found a shimmering altar of Xom.
 95138 | Depths:2 | Escaped the Abyss
 95261 | Depths:2 | Killed Josephina
 95729 | Depths:2 | Identified the Reference Book on Ghastly Flight
 95834 | Depths:2 | Found a shimmering blue altar of Sif Muna.
 95867 | Depths:2 | Identified Cusog's Compendium of Earthen Toxins
 95871 | Depths:2 | Noticed a dread lich
 95871 | Depths:2 | Noticed a dread lich
 95890 | Depths:2 | Killed a dread lich
 96123 | Depths:2 | Paralysed by a dread lich for 2 turns
 96173 | Depths:2 | Killed a dread lich
 96448 | Depths:2 | Identified the Disquisition on Poison and the Glacier
 96525 | Depths:2 | Learned a level 5 spell: Freezing Cloud
 96771 | Depths:3 | Found a hazy altar of Hepliaklqana.
 96897 | Depths:3 | Found a one-way gateway to a ziggurat.
 97258 | Depths:3 | Found Ympoocs's Antique Armour Shop.
 98318 | Depths:4 | Entered Level 4 of the Depths
 98814 | Depths:4 | Noticed a caustic shrike
 98816 | Depths:4 | Noticed a caustic shrike
 98816 | Depths:4 | Noticed a caustic shrike
 98849 | Depths:4 | Slain by a caustic shrike

Illustrated notes

Levels and vault maps discovered:
D:1:      dpeg_arrival_shrine, layout_basic, serial_corexii_hall,
          chequers_hall_statues_wall_a, corexii_hall_statues_i,
          corexii_hall_statues_i
D:2:      layout_loops_ring, basic_altar,
          chequers_ecumenical_altar_simple_redux, minmay_between, uniq_robin,
          uniq_natasha
D:3:      layout_rooms, serial_shops, nicolae_shop_bloodbath_and_beyond,
          uniq_grinder
D:4:      layout_loops_ring, chequers_temple_overflow_minitemple, uniq_menkaure
D:5:      layout_rooms, nicolae_qazlal_scattered_showers, ebering_ghost_sewer_d,
          minmay_bent, uniq_edmund
D:6:      layout_rooms, kennysheep_slug_shrine, trog_three_pillars_becter
D:7:      layout_rooms, temple_doors_e, enter_bailey_2
D:8:      layout_basic, nicolae_overflow_squiral, special_room
          [special_room_orc], uniq_grum, uniq_pikel
D:9:      layout_roguey, kennysheep_vampire_church, erik_lair_dragon, uniq_erica
D:10:     layout_roguey, serial_shops, shop, minmay_circle_x
D:11:     minmay_octagon_keep, layout_basic, orc_0_dummy,
          yredelemnul_altar_generic
D:12:     layout_roguey, serial_shops, nicolae_shop_statue_plus
D:13:     layout_basic, minmay_quadrilaterals
D:14:     layout_long_grid, grunt_vaults_entry_fortified, good_gods_mini_temple,
          serial_shops, nicolae_stop_n_shop_2
D:15:     hangedman_depths_entry_try_elsewhere_first, layout_rooms,
          corexii_leaking_fountain
Lair:1:   beast_lair_carwin_large_3, layout_big_grid, minmay_lair_oklob_items
Lair:2:   layout_cave_shapes, infiniplex_staircase_pool_2
Lair:3:   layout_cave_pods, spider_nest_entry_rubble, uniq_amaemon
Lair:4:   layout_roguey, minmay_shoals_entry_centaurs,
          ebering_ghost_disaster_area, grunt_forest_stairs_basic,
          dreamdust_gnoll_shepherd, grunt_megastairs_4
Lair:5:   layout_regular_city, nicolae_slime_entry_slimehenge,
          kennysheep_rathole, lemuel_fruit_tree, grunt_megastairs_3,
          lemuel_fruit_fields
Lair:6:   grunt_lair_end_beastmaster, layout_long_grid, grunt_megastairs_1,
          uniq_snorg
Shoals:1: layout_shoals, nicolae_alphabet_shops
Shoals:2: layout_shoals, ebering_ghost_gozag, nicolae_shoals_mertower,
          uniq_polyphemus, uniq_ilsuiw
Shoals:3: layout_shoals, serial_shops, shop
Shoals:4: shoals_end_grunt_ice, layout_shoals, serial_shops, shop_statue, shop,
          nicolae_lakefront_shop, nicolae_shoals_beach_house_on_fowls_legs
Spider:1: layout_spider_delve, guppyfry_spider_mini_1
Spider:2: layout_spider_delve, special_room [special_room_bee]
Spider:3: layout_spider_delve
Spider:4: grunt_spider_rune_circles, hellmonk_motheaten_closet
Orc:1:    layout_caves, lightli_volcano_entry_magma_tube
Orc:2:    st_orc_congregation, layout_caves, uniq_nessos, uniq_sonja
Vaults:1: mu_enter_wizlab_4, vaults_dpeg_hooks, vaults_room_stairs_pillars,
          vaults_room_pool, vaults_mumra_hexcomb, vaults_mumra_lcd,
          vaults_room_pool, ontoclasm_vaults_tryst,
          nicolae_vaults_little_squares_2, grunt_vaults_hallway_short,
          v_misc_22, layout_vaults_quadrants, serial_shops,
          nicolae_shop_statue_plus
Vaults:2: nicolae_vaults_ring_of_whatevers, v_alt_pattern_6,
          ontoclasm_vaults_gallery, hangedman_vaults_slice,
          nicolae_vaults_puzzle_piece, vaults_standard_mumra_lines,
          hangedman_vaults_locks, vaults_room_semicircle,
          ontoclasm_vaults_gateway, v_misc_28, vaults_room_stairs_pillars,
          layout_vaults_omnibox, serial_shops, nicolae_shop_waterfront,
          nicolae_shop_crystal, serial_glass, uniq_nikola
Vaults:3: v_misc_10, nicolae_vaults_ninety_degrees, v_misc_28,
          vaults_room_hangedman_quadrants, vaults_room_corners,
          vaults_room_corners, v_misc_18, v_alt_pattern_1,
          nicolae_vaults_little_ls, nicolae_vaults_little_squares_2,
          ontoclasm_vaults_pinch, grunt_vaults_focal, hangedman_vaults_impose,
          layout_vaults_omnicross, serial_shops, freezing_bzr
Vaults:4: nicolae_vaults_twisting_passages, hangedman_vaults_corner,
          v_alt_pattern_4, hangedman_vaults_capsules,
          nicolae_vaults_network_periphery, vaults_dpeg_diagonal,
          dpeg_vaults_monster_box, v_misc_15, v_rooms_6,
          nicolae_vaults_big_angled_halls, layout_vaults_big_room
Depths:1: dpeg_oklob_gauntlet, layout_gridlike,
          nicolae_abyss_entry_one_way_or_another, grunt_metal_band, pan_entry,
          minmay_misc_feat_enclosed, interstate_on_off,
          amcnicky_mini_rare_corridor_liquid, grunt_ministairs_5,
          item_on_display_b, serial_bayou_shore_b, minmay_shop_grove
Depths:2: evilmike_library_of_no_secrets, layout_long_grid,
          grunt_pan_entry_spiral, hangedman_coc_ice_floe,
          nemelex_diamond_rough_becter, serial_bayou_shore_a, uniq_josephina,
          uniq_asterion
Depths:3: nzn_winding_woodlands_medium [nzn_winding_woodlands_5x5_checkerboard,
          nzn_winding_woodlands_5x15_default, nzn_winding_woodlands_5x5_cross,
          nzn_winding_woodlands_5x5_default, nzn_winding_woodlands_center_lodge,
          nzn_winding_woodlands_hourglass,
          nzn_winding_woodlands_5x5_closed_star,
          nzn_winding_woodlands_5x15_longhouse,
          nzn_winding_woodlands_5x5_default], layout_long_grid,
          enter_ziggurat_c, old_standard_altar, hell_entry, serial_shops, shop,
          abyss_entry_glasseish, kennysheep_generic_room_14,
          infiniplex_staircase_zigzag_5
Depths:4: grunt_zot_entry_funnels, layout_gridville, hangedman_decor_points,
          pf_hell_entry_tar_spiral, hangedman_decor_riveting, fedhas_altar_4,
          uniq_vv

Skill      XL: |  1  2  3  4  5  6  7  8  9 10 11 12 13 14 15 16 17 18 19 20 21 22 23 |
---------------+----------------------------------------------------------------------+-----
Summonings     | 1 2 5 6 7 8 10 12 15 16 | 16.2
Air Magic      | 5 6 9 10 12 13 15 16 17 18 20 21 22 23 | 23.9
Dodging        | 3 4 5 7 8 11 13 15 16 17 18 19 20 21 22 | 22.3
Fighting       | 1 3 5 7 9 10 12 14 15 16 17 18 | 18.9
Spellcasting   | 4 5 6 7 9 10 11 13 | 13.3
Staves         | 2 3 6 |  6.0
Evocations     | 1 4 5 7 9 10 | 10.0
Shields        | 2 |  2.6
Conjurations   | 2 3 |  3.6
Stealth        | 3 4 6 8 |  8.1
Armour         | 1 |  1.9
Transmutations | 3 |  3.8

Action                   |  1- 3 |  4- 6 |  7- 9 | 10-12 | 13-15 | 16-18 | 19-21 | 22-24 || total
-------------------------+-------+-------+-------+-------+-------+-------+-------+-------++-------
Melee: Unarmed           |     5 |     5 |       |       |       |       |       |   196 ||   206
       Kick              |     1 |     1 |     4 |    14 |    14 |    39 |    32 |     4 ||   109
       Peck              |       |     1 |     1 |    16 |    11 |    29 |    21 |     2 ||    81
       Staff             |       |       |     8 |    35 |    21 |    92 |    50 |     5 ||   211
       Punch             |       |       |       |       |       |       |       |     3 ||     3
 Cast: Shock             |    71 |   116 |   212 |   384 |   325 |   947 |   204 |    42 ||  2301
       Summon Small Mamm |       |    10 |     6 |     1 |       |       |     8 |       ||    25
       Static Discharge  |       |     4 |    22 |    33 |    43 |   142 |    19 |    11 ||   274
       Airstrike         |       |       |    37 |    54 |    56 |   429 |   689 |   253 ||  1518
       Summon Lightning  |       |       |    10 |    86 |    89 |   281 |   149 |    35 ||   650
       Summon Cactus Gia |       |       |       |       |       |    68 |   131 |    33 ||   232
       Call Canine Famil |       |       |       |       |       |     3 |    48 |    13 ||    64
       Summon Forest     |       |       |       |       |       |       |   103 |    59 ||   162
       Summon Hydra      |       |       |       |       |       |       |    15 |    27 ||    42
       Maxwell's Capacit |       |       |       |       |       |       |     5 |     9 ||    14
       Storm Form        |       |       |       |       |       |       |       |    30 ||    30
       Freezing Cloud    |       |       |       |       |       |       |       |     1 ||     1
Invok: Curse Item        |       |       |       |     7 |     1 |     1 |     4 |       ||    13
       Shatter the Chain |       |       |       |       |       |     1 |     3 |       ||     4
 Abil: Blinkbolt         |       |       |       |       |       |       |       |    29 ||    29
Evoke: Wand              |       |       |     1 |     8 |     3 |    37 |     9 |     2 ||    60
       Lightning rod     |       |       |       |       |       |    18 |    21 |       ||    39
       Tin of tremorston |       |       |       |       |       |     1 |       |       ||     1
       Piece from Xom's  |       |       |       |       |       |     1 |     6 |       ||     7
       Phial of floods   |       |       |       |       |       |     1 |     2 |     1 ||     4
  Use: Scroll            |       |       |     9 |       |     1 |     6 |     8 |     4 ||    28
       Potion            |       |       |       |       |     1 |     8 |     7 |     8 ||    24
 Stab: Paralysed         |       |       |       |     9 |       |       |     2 |       ||    11
       Sleeping          |       |       |       |     1 |       |       |       |       ||     1
       Distracted        |       |       |       |       |       |     1 |     1 |     5 ||     7
Armor: Robe              |    12 |     2 |    17 |    21 |    29 |   138 |    82 |     5 ||   306
       Skin              |       |       |       |       |       |       |       |    70 ||    70
Dodge: Dodged            |    21 |    13 |    76 |   117 |   173 |  1153 |   493 |   517 ||  2563
Block: Other             |       |       |    17 |    20 |       |       |       |       ||    37
       Reflection        |       |       |     1 |     2 |     1 |    43 |    10 |       ||    57
       Buckler           |       |       |       |    45 |   114 |   645 |   138 |     9 ||   951

Table legend: (Time is in decaauts)
 A = Elapsed time spent in this place.
 B = Non-inter-level travel time spent in this place.
 C = Inter-level travel time spent in this place.
 D = Time resting spent in this place.
 E = Time spent auto-exploring this place.
 F = Levels seen in this place.
 G = Mean time per level.
                   A        B        C        D        E       F      G
               +--------+--------+--------+--------+--------+-----+--------+
         Total |  95479 |  88993 |   6486 |  19983 |  52887 |  46 | 2075.6 |
       Dungeon |  27923 |  24996 |   2927 |   4512 |  16937 |  15 | 1861.5 |
          Lair |  12927 |  11912 |   1015 |   2725 |   7145 |   6 | 2154.5 |
        Shoals |  12427 |  11775 |    652 |   3504 |   6177 |   4 | 3106.8 |
   Spider Nest |  15851 |  14920 |    931 |   5158 |   7636 |   4 | 3962.8 |
  Orcish Mines |   3892 |   3783 |    109 |    711 |   2323 |   2 | 1946.0 |
        Vaults |  12761 |  12057 |    704 |   2315 |   6800 |   4 | 3190.2 |
        Depths |   6790 |   6644 |    146 |    688 |   4357 |   4 | 1697.5 |
         Abyss |    795 |    795 |      0 |    158 |     29 |   4 |  198.8 |
        Bazaar |    254 |    254 |      0 |      0 |    153 |   1 |  254.0 |
        Bailey |    803 |    803 |      0 |     78 |    571 |   1 |  803.0 |
       Volcano |   1051 |   1051 |      0 |    130 |    756 |   1 | 1051.0 |
               +--------+--------+--------+--------+--------+-----+--------+

Top non-repeatable levels by time:
Spider:3: 6603 daAuts
Vaults:1: 5116 daAuts
Spider:2: 4238 daAuts
Shoals:3: 3858 daAuts
Shoals:2: 3456 daAuts
    D:14: 3237 daAuts
Shoals:4: 3212 daAuts
    D:13: 3134 daAuts
  Lair:4: 3068 daAuts
Spider:1: 2894 daAuts
Vaults:4: 2825 daAuts
  Lair:3: 2797 daAuts
   Orc:2: 2659 daAuts
  Lair:6: 2622 daAuts
Vaults:2: 2572 daAuts
